 Dungeon Crawl Stone Soup version 0.30-a0-305-g026cb31310 (webtiles) character file.

Game seed: 3243403270612299825

555473 Potemkin the Hoplite (level 27, -3/251 HPs)
             Began as a Formicid Fighter on Oct 20, 2022.
             Was an Initiate of Gozag.
             Slain by a mummy priest (17 damage)
             ... on level 2 of the Tomb of the Ancients on Oct 21, 2022.
             The game lasted 02:14:41 (49993 turns).

Potemkin the Hoplite (Formicid Fighter)            Turns: 49993, Time: 02:14:41

Health: -3/251     AC: 31    Str: 29      XL:     27
Magic:  0/17       EV: 11    Int:  4 (12) God:    Gozag
Gold:   353        SH: 37    Dex: 13      Spells: 53/64 levels left

rFire   + + .      SeeInvis +    C - +9 executioner's axe (antimagic)
rCold   + + .      Faith    .    b - +8 tower shield {AC+3}
rNeg    . . .      Spirit   +    c - +4 moon troll leather armour {Spirit, Regen++ MP+5}
rPois   +          Reflect  +    (helmet unavailable)
rElec   +          Harm     .    M - +1 cloak of Omission {Fly Regen+ Slay+6}
rCorr   +          Rampage  .    Q - +3 pair of gauntlets of War {Slay+5}
Will    +++++                    W - +3 pair of mountain boots {steadfast, rC+}
Stlth   +.........               E - amulet of reflection
HPRegen 3.01/turn                D - ring "Viat" {*Slow rPois rF+ Will+++ SInv}
MPRegen 0.15/turn                s - ring of the Tortoise {AC+8}

@: mighty, brilliant, lethally poisoned (-3 -> -3), resistant, marked, spiked,
corroded, flying, studying Long Blades, invisible
A: permanent stasis, dig shafts and tunnels, antennae 3, four strong arms,
hooves 1, robust 1, electricity resistance, weak 1
}: 4/15 runes: decaying, serpentine, slimy, silver
a: Dig, Shaft Self, Renounce Religion, Potion Petition, Call Merchant, Bribe
Branch


You were on level 2 of the Tomb of the Ancients.
You worshipped Gozag.
Gozag was aware of your devotion.
You visited 11 branches of the dungeon, and saw 49 of its levels.
You visited the Abyss 1 time.

You collected 26144 gold pieces.
You spent 7024 gold pieces at shops.
You paid 18767 gold pieces to Gozag.

Inventory:

Hand Weapons
 g - the +8 frozen axe "Frostbite" {freezing cloud, *Noise Fly rC+}
   (You acquired it on level 5 of the Lair of Beasts)

   It freezes those it strikes, dealing additional cold damage.
   It can also slow down cold-blooded creatures.
   It occasionally leaves clouds of freezing vapour upon striking a foe.
   It grants immunity to clouds of freezing vapour.
   rC:        It protects you from cold.
   Fly:       It grants you flight.
   *Noise:    It may make noises in combat.
 i - the +9 spear of Painful Death {antimagic, Fragile rF+ rC+ Str+6}
   (You took it off a deep elf elementalist on level 3 of the Elven Halls)

   It reduces the magical energy of the wielder, and disrupts the spells and
   magical abilities of those it strikes.
   Natural abilities and divine invocations are not affected.
   Str:       It affects your strength (+6).
   rF:        It protects you from fire.
   rC:        It protects you from cold.
   Fragile:   It will be destroyed if unequipped.
 p - a +4 battleaxe of freezing
 t - a +4 broad axe of protection
 z - a +2 demon blade of flaming
 C - a +9 antimagic executioner's axe (weapon)
 I - the +10 quarterstaff of Immorality {venom, rC+ Str+4}
   (You found it on level 5 of the Pits of Slime)

   It poisons the flesh of those it strikes.
   Str:       It affects your strength (+4).
   rC:        It protects you from cold.
 O - a +0 war axe of flaming
Armour
 b - a +8 tower shield of protection (worn)
 c - the +4 moon troll leather armour (worn) {Spirit, Regen++ MP+5}
   (You bought it in a shop on level 2 of the Orcish Mines)

   MP:        It affects your magic capacity (+5).
   Regen:     It increases your rate of health regeneration.
 H - a scarf of repulsion
 J - a scarf of resistance
 M - the +1 cloak of Omission (worn) {Fly Regen+ Slay+6}
   (You found it on level 3 of the Elven Halls)

   Slay:      It affects your accuracy & damage with ranged weapons and melee
   (+6).
   Fly:       It grants you flight.
   Regen:     It increases your rate of health regeneration.
 Q - the +3 pair of gauntlets of War (worn) {Slay+5}
   (You bought it in a shop on level 2 of the Orcish Mines)

   Slay:      It affects your accuracy & damage with ranged weapons and melee
   (+5).
 R - a scarf of shadows
 W - the +3 pair of mountain boots (worn) {steadfast, rC+}
   (You acquired it on level 13 of the Dungeon)

   It prevents involuntary movement, except for blinking, teleportation, or
   banishment.
   rC:        It protects you from cold.
 Z - the +1 faerie dragon scales {rF+ Will+ rCorr}
   (You took it off the Enchantress on level 1 of the Depths)

   rF:        It protects you from fire.
   rCorr:     It protects you from acid and corrosion.
   Will:      It increases your willpower.
Jewellery
 a - the ring of Shadows {Umbra +Inv Stlth+}
   (You took it off a deep elf elementalist on level 3 of the Elven Halls)

   [ring of stealth]

   It surrounds you with an aura of shadow, increasing your stealth and reducing
   the accuracy of all others within it.
   +Inv:      It lets you turn invisible.
   Stlth:     It makes you more stealthy.
 h - the ring "Vavox Siu" {rN+ rCorr Str-4 Int-3 Slay+6}
   (You bought it in a shop on level 2 of the Orcish Mines)

   [ring of positive energy]

   Str:       It affects your strength (-4).
   Int:       It affects your intelligence (-3).
   Slay:      It affects your accuracy & damage with ranged weapons and melee
   (+6).
   rN:        It protects you from negative energy.
   rCorr:     It protects you from acid and corrosion.
 l - the ring of Urisk {rElec rF+ Int+8 Dex+6 Stlth-}
   (You acquired it on level 13 of the Dungeon)

   [ring of dexterity]

   Int:       It affects your intelligence (+8).
   Dex:       It affects your dexterity (+6).
   rF:        It protects you from fire.
   rElec:     It insulates you from electricity.
   Stlth:     It makes you less stealthy.
 s - the ring of the Tortoise (right hand) {AC+8}
   (You bought it in a shop on level 5 of the Lair of Beasts)

   [ring of protection]

   AC:        It affects your AC (+8).
 x - the amulet "Alacsipu" {Acrobat Rampage Slay+6}
   (You found it on level 2 of the Crypt)

   [amulet of the acrobat]

   It increases your evasion while moving and waiting.
   Slay:      It affects your accuracy & damage with ranged weapons and melee
   (+6).
   Rampage:   It bestows one free step when moving towards enemies.
 D - the ring "Viat" (left hand) {*Slow rPois rF+ Will+++ SInv}
   (You took it off a deep elf elementalist on level 3 of the Elven Halls)

   [ring of see invisible]

   rF:        It protects you from fire.
   rPois:     It protects you from poison.
   SInv:      It lets you see invisible.
   *Slow:     It may slow you when you take damage.
   Will:      It greatly increases your willpower.
 E - an amulet of reflection (around neck)
Wands
 d - a wand of quicksilver (31)
 m - a wand of charming (27)
 y - a wand of mindburst (24)
 G - a wand of digging (2)
 N - a wand of flame (51)
Scrolls
 e - 10 scrolls of poison
 j - 6 scrolls of amnesia
 q - 8 scrolls of fear
 r - 4 scrolls of torment
 K - 12 scrolls of immolation
 L - 2 scrolls of silence
 U - 4 scrolls of magic mapping
Potions
 f - 9 potions of attraction
 k - a potion of resistance
 o - a potion of heal wounds
 A - 21 potions of curing
 F - 8 potions of brilliance
 P - 3 potions of cancellation
 S - 2 potions of mutation
 V - 5 potions of might
 Y - 5 potions of ambrosia
Miscellaneous
 n - a phial of floods
 u - a box of beasts (inert)
 v - a piece from Xom's chessboard (15/15)
 B - a condenser vane (inert)
 T - a phantom mirror
 X - a lightning rod (4/4)


   Skills:
 + Level 21.4 Fighting
 + Level 21.6 Axes
 + Level 21.4 Armour
 + Level 0.2 Dodging
 + Level 26.6 Shields
 + Level 19.4 Spellcasting
 + Level 0.1 Conjurations
 - Level 17.9 Transmutations
 + Level 0.2 Earth Magic


You had 53 spell levels left.
You knew the following spells:

 Your Spells              Type           Power      Damage    Failure   Level
a - Wereblood             Tmut           27%        N/A       0%          2
b - Dragon Form           Tmut           13%        N/A       4%          7
c - Passwall              Tmut/Erth      13%        N/A       1%          2

Your spell library contained the following spells:

 Spells                   Type           Power      Damage    Failure   Level
 Beastly Appendage        Tmut           54%        N/A       0%          1
 Sting                    Tmut/Pois      64%        1d6       1%          1
 Spider Form              Tmut/Pois      16%        N/A       1%          3
 Petrify                  Tmut/Erth      16%        N/A       1%          4
 Blade Hands              Tmut           13%        N/A       1%          5
 Ignite Poison            Fire/Tmut/Pois 13%        N/A       2%          3
 Irradiate                Conj/Tmut      8%         3d14      5%          5
 Magic Dart               Conj           24%        1d4       8%          1
 Apportation              Tloc           10%        N/A       9%          1
 Foxfire                  Conj/Fire      20%        2x1d5     9%          1
 Freeze                   Ice            20%        1d4       9%          1
 Necrotise                Necr           20%        1d5       9%          1
 Shock                    Conj/Air       20%        1d4       9%          1
 Slow                     Hex            20%        N/A       9%          1
 Summon Small Mammal      Summ           20%        N/A       9%          1
 Searing Ray              Conj           12%        2d4       12%         2
 Call Imp                 Summ           5%         N/A       13%         2
 Cigotuvi's Dreadful Rot  Necr/Pois/Air  10%        N/A       13%         2
 Ensorcelled Hibernation  Hex/Ice        10%        N/A       13%         2
 Poisonous Vapours        Pois/Air       10%        N/A       13%         2
 Sublimation of Blood     Necr           5%         N/A       13%         2
 Hailstorm                Conj/Ice       5%         3d4       24%         3
 Mephitic Cloud           Conj/Pois/Air  5%         N/A       24%         3
 Confusing Touch          Hex            5%         N/A       26%         3
 Gell's Gravitas          Tloc           5%         N/A       26%         3
 Inner Flame              Hex/Fire       5%         N/A       26%         3
 Lesser Beckoning         Tloc           10%        N/A       26%         3
 Ozocubu's Armour         Ice            5%         N/A       26%         3
 Teleport Other           Tloc           5%         N/A       26%         3
 Vampiric Draining        Necr           5%         2d6       26%         3
 Eringya's Noxious Bog    Tmut/Pois      8%         N/A       32%         6
 Airstrike                Air            2%         2d(1-17)  63%         4
 Anguish                  Hex/Necr       2%         N/A       63%         4
 Flame Wave               Conj/Fire      5%         2d5       63%         4
 Fulminant Prism          Conj/Hex       2%         3d6       63%         4
 Manifold Assault         Tloc           5%         N/A       63%         4
 Summon Lightning Spire   Summ/Air       5%         N/A       63%         4
 Storm Form               Tmut/Air       8%         N/A       87%         7
 Iskenderun's Battlesphe  Conj           6%         2d6       91%         5
 Lightning Bolt           Conj/Air       2%         1d14      92%         5
 Metabolic Englaciation   Hex/Ice        2%         N/A       93%         5
 Summon Forest            Summ/Tloc      2%         N/A       93%         5
 Summon Mana Viper        Hex/Summ       5%         N/A       93%         5
 Dispersal                Tloc           2%         N/A       100%        6
 Iron Shot                Conj/Erth      3%         9d2       100%        6
 Starburst                Conj/Fire      2%         6d3       100%        6
 Summon Cactus Giant      Summ           2%         N/A       100%        6
 Enfeeble                 Hex            2%         N/A       100%        7
 Malign Gateway           Summ/Tloc      2%         N/A       100%        7
 Monstrous Menagerie      Summ           2%         N/A       100%        7
 Spellforged Servitor     Conj/Summ      2%         N/A       100%        7
 Borgnjor's Revivificati  Necr           2%         N/A       100%        8
 Disjunction              Tloc           2%         N/A       100%        8
 Maxwell's Capacitive Co  Air            2%         ∞         100%        8
 Necromutation            Tmut/Necr      8%         N/A       100%        8
 Death's Door             Necr           2%         N/A       100%        9
 Fire Storm               Conj/Fire      2%         8d1       100%        9
 Blink                    Tloc           Unusable   N/A       N/A         2
 Swiftness                Air            Unusable   N/A       N/A         3
 Simulacrum               Ice/Necr       Unusable   N/A       N/A         6

Dungeon Overview and Level Annotations

Branches:
Dungeon (15/15) Zot: 25766  Temple (0/1) D:5            Lair (5/5) D:10 Zot: 23753
  Swamp (4/4) Lair:3 Zot: 21861   Snake (4/4) Lair:3 Zot: 18817   Slime (5/5) Lair:4 Zot: 25762
    Orc (2/2) D:10 Zot: 8555     Elf (3/3) Orc:2 Zot: 14768  Vaults (5/5) D:13 Zot: 22561
  Crypt (3/3) Vaults:2 Zot: 14223    Tomb (2/3) Crypt:3 Zot: 9969  Depths (1/4) D:15 Zot: 5802

Altars:
Ashenzari
Cheibriados
Fedhas
Gozag
Kikubaaqudgha
Nemelex Xobeh
Okawaru
Qazlal
Sif Muna
Uskayaw
Vehumet
Wu Jian
Xom
Yredelemnul
Zin
The Shining One
Jiyva
Lugonu

Shops:
D:15 *[[   Orc:1 [:[((   Orc:2 =[*[[(   Lair:5 =   Snake:4 *   Vaults:3 (


Innate Abilities, Weirdness & Mutations

You cannot be hasted, slowed, berserked, paralysed or teleported.
You can dig through walls and to a lower floor.
You have a pair of large antennae on your head. (SInv)
Your four strong arms can wield two-handed weapons with a shield.
You have large cloven feet.
You are robust. (+10% HP)
You are resistant to electric shocks. (rElec)
You are weak. (Str -2)


Message History

You destroy the death scarab!
The death scarab's corpse disappears in a puff of smoke!
You are engulfed in dark miasma.
Your stasis prevents you from being slowed.
* * * LOW HITPOINT WARNING * * *
You feel very sick.
The mummy priest is no longer distracted by gold.
The death scarab bites you but does no damage.
A harpy zombie comes into view.
You block the death scarab's attack. x5
The red devil hits you from afar with a +0 trident.
* * * LOW HITPOINT WARNING * * *
Barbed spikes become lodged in your body.
The royal mummy casts a spell at you. Something smites you!
* * * LOW HITPOINT WARNING * * *
The royal mummy gestures wildly while chanting.
The ushabti shakes and rattles deafeningly!
Unknown command.
The barbs in your skin will harm you if you move.
Continue?
Okay, then.
You're standing in a cloud of foul pestilence!
You feel much better.
You are engulfed in dark miasma.
* * * LOW HITPOINT WARNING * * *
You feel very sick.
The death scarab disappears in a puff of smoke!
You block the death scarab's attack. x3
The death scarab bites you but does no damage.
You block the death scarab's attack.
The death scarab bites you but does no damage.
The death scarab closely misses you. The death scarab barely misses you.
The death scarab bites you!
* * * LOW HITPOINT WARNING * * *
The death scarab drains your vigour!
Your stasis prevents you from being slowed.
The death scarab draws strength from your injuries!
An ushabti comes into view.
The mummy priest hits you!
You die...
Your body crumbles into a pile of gold.

.### $......## ##.
........ ### ^..$.
...... .##[##M. ..
......##.....##...
.....#ss.......#..
....#MBBB§......#.
#.3B@BMM......#
#.4MMM........#
#MZBZM○.......#
..9.#.....○.....#.
$
.....#.....M...#..
......##....○##...
...... .##.##9Z ..
........ ### 9.. .
......## ##.


You could see 3 royal mummies, 2 emperor scorpions, 2 mummy priests, a sun demon
(summoned, unable to see you), 4 guardian mummies, 3 ushabtiu, 6 death scarabs,
a red devil (summoned, unable to see you), a mummy (unable to see you), a swamp
dragon zombie (unable to see you), a harpy zombie (unable to see you) and an
ettin zombie (unable to see you).

Vanquished Creatures
  Dissolution (Slime:2)
  the Royal Jelly (Slime:5)
  Mara (Swamp:4)
  Khufu (Crypt:1)
  Mennas (Crypt:1)
  4 royal mummies
  Vashnia (Snake:2)
  2 curse toes (Crypt:3)
  Saint Roka (Crypt:3)
  A golden dragon (Vaults:5)
  the Enchantress (Depths:1)
  A shard shrike zombie (Crypt:3)
  2 tentacled monstrosities
  Mlioglotl (Swamp:2)
  Rupert (Lair:3)
  4 liches
  The ghost of Datograv the Stickfighter, an adept NaAE of Ru (Crypt:2)
  2 titans (Vaults:5)
  3 deep elf blademasters
  2 deep elf master archers (Elf:3)
  A quicksilver dragon (Vaults:5)
  24 acid blobs
  10 ancient champions
  10 sphinxes
  Frances (Snake:1)
  5 tengu reavers
  A thorn hunter (Swamp:3)
  8 azure jellies
  3 shadow dragons
  2 fire giants (Vaults:5)
  2 revenants (Crypt:3)
  Donald (Swamp:3)
  8 rockslimes
  12 vault wardens
  5 deep elf sorcerers
  4 frost giants
  Aizul (Snake:1)
  2 curse skulls (Crypt:3)
  3 deep elf elementalists (Elf:3)
  A juggernaut zombie (Crypt:3)
  The ghost of funkygono the Fencer, a journeyman MiFi of the Shining One (Orc:1)
  15 ghouls
  A juggernaut skeleton (D:15)
  10 quicksilver oozes
  12 very ugly things
  3 stone giants (Vaults:5)
  2 orc warlords
  22 ironbound preservers
  3 spriggan defenders (Depths:1)
  4 war gargoyles
  The ghost of gabibbone the Arsonist, a journeyman DrFE of Gozag (Lair:3)
  9 vampire knights
  Nessos (D:15)
  2 eleionomae (Swamp:1)
  A rockslime zombie (Crypt:3)
  3 ironbound thunderhulks
  2 bennus (Tomb:1)
  6 deep elf demonologists
  11 deep elf annihilators (Elf:3)
  4 bunyips
  A lorocyproca (Tomb:1)
  Azrael (D:14)
  20 dire elephants
  5 eidola
  4 crystal guardians
  2 green deaths (Swamp:4)
  7 ettins
  10 mummy priests
  11 deep elf death magi
  Snorg (D:13)
  A fire dragon (Lair:5)
  Josephine (D:15)
  9 yaktaur captains
  16 jiangshi
  20 great orbs of eyes
  2 entropy weavers
  4 salamander tyrants
  Erolcha (D:13)
  3 deep elf high priests (Elf:3)
  A hell beast (Swamp:4)
  30 vault guards
  16 hydras
  A rakshasa (Depths:1)
  4 centaur warriors
  An ogre mage (Vaults:5)
  5 spriggan air magi (Depths:1)
  6 peacekeepers
  3 death knights
  2 ghost crabs
  A juggernaut simulacrum (Crypt:3)
  Erica (D:10)
  9 ironbound frosthearts
  6 boulder beetles
  2 two-headed ogres
  34 dancing weapons
  10 alligators
  16 naga warriors
  18 anacondas
  2 deep troll earth magi (Vaults:5)
  4 tengu warriors
  A titan zombie (Crypt:3)
  30 death scarabs (Tomb:1)
  2 thrashing horrors (Swamp:4)
  10 orc high priests
  5 vampire magi
  3 spriggan berserkers
  12 naga sharpshooters
  2 soul eaters
  12 deep elf knights
  5 shock serpents
  2 titan skeletons
  7 hell knights (Vaults:4)
  28 skeletal warriors
  A sixfirhy (D:7)
  A fire crab (shapeshifter) (D:15)
  An iron troll (Vaults:5)
  A storm dragon skeleton (Crypt:3)
  4 goliath frogs
  7 salamander mystics
  12 sea snakes (Snake:4)
  A deep troll (shapeshifter) (Vaults:5)
  69 deep trolls
  A shadow demon (Tomb:1)
  5 spriggan druids
  10 bog bodies
  4 glowing orange brains
  An anaconda zombie (Crypt:3)
  A spriggan simulacrum (Crypt:3)
  9 deep elf archers
  5 naga ritualists
  8 lindwurms
  A shadow dragon zombie (Crypt:2)
  8 swamp dragons
  A golden dragon zombie (Crypt:3)
  An anaconda skeleton (Crypt:3)
  5 necromancers
  17 ironbound convokers
  Pikel (D:5)
  2 orc sorcerers (Orc:2)
  32 deep elf pyromancers
  24 deep elf zephyrmancers
  6 phantasmal warriors
  5 wizards
  11 orc knights
  A harpy (Vaults:1)
  A jorogumo zombie (Crypt:2)
  5 cyclopes
  A manticore (D:12)
  10 mana vipers
  A wolf spider (Lair:5)
  A tengu skeleton (Vaults:4)
  An oklob plant (Lair:5)
  A shining eye (Slime:1)
  7 will-o-the-wisps
  14 salamanders
  47 ugly things
  40 black mambas
  A moth of wrath (shapeshifter) (Vaults:5)
  A salamander (shapeshifter) (Vaults:5)
  13 elephants
  27 vault sentinels
  Joseph (D:10)
  Maurice (D:10)
  3 orange demons (Swamp:4)
  13 guardian serpents
  20 cane toads
  A centaur zombie (Crypt:3)
  14 naga magi
  A torpor snail (shapeshifter) (Vaults:5)
  A torpor snail (Lair:5)
  An alligator snapping turtle zombie (Crypt:3)
  2 eyes of devastation (Slime:5)
  A dire elephant zombie (Crypt:3)
  An elephant slug zombie (Crypt:3)
  3 gargoyles
  7 rime drakes
  An alligator snapping turtle skeleton (Crypt:3)
  Psyche (D:10)
  4 freezing wraiths
  21 yaktaurs
  2 elf zombies (Vaults:3)
  A kobold demonologist (D:9)
  9 komodo dragons
  2 tengu conjurers
  2 spriggan skeletons
  16 guardian mummies
  An iron troll skeleton (Crypt:2)
  5 human skeletons
  A merfolk (shapeshifter) (Vaults:5)
  A harpy zombie (Crypt:2)
  An iron giant simulacrum (Crypt:2)
  9 trolls
  2 polar bears
  12 hornets
  8 tyrant leeches
  15 blink frogs
  99 slime creatures
  5 dream sheep (Lair:5)
  2 spriggan zombies
  A fire giant simulacrum (Vaults:4)
  4 air elementals
  A black mamba zombie (Crypt:1)
  4 flying skulls (Tomb:1)
  A vampire (D:12)
  3 shadows
  12 spriggans
  A spriggan (shapeshifter) (Vaults:1)
  13 wyverns
  2 ushabtiu
  A black mamba skeleton (Crypt:2)
  3 water elementals
  8 wraiths
  39 yaks
  9 golden eyes
  4 basilisks
  A redback (shapeshifter) (Vaults:5)
  14 vampire mosquitoes
  Menkaure (D:5)
  8 fire elementals
  2 large abominations (Swamp:4)
  5 redbacks
  4 steam dragons
  12 swamp worms
  4 acid dragons
  4 wargs
  A naga (shapeshifter) (Vaults:5)
  39 nagas
  21 water moccasins
  3 glowing shapeshifter skeletons
  26 orc warriors
  5 swamp drakes
  3 black bears
  8 ice beasts
  A lindwurm zombie (Crypt:1)
  11 wolves
  5 boggarts (Vaults:3)
  11 ogres
  A blink frog skeleton (Crypt:3)
  2 phantoms
  8 centaurs
  2 human zombies
  3 kobold brigands
  7 bullfrogs
  2 necrophages
  2 elf skeletons
  6 scorpions
  3 earth elementals
  12 wights
  2 yak zombies
  4 killer bees
  2 shapeshifter skeletons
  5 howler monkeys
  6 electric eels
  A vampire bat (Orc:2)
  3 hounds
  An iron imp (D:3)
  3 jellies
  A basilisk zombie (Crypt:3)
  Crazy Yiuf (D:4)
  39 orc priests
  Jessica (D:2)
  31 orc wizards
  Terence (D:3)
  10 iguanas
  5 hell rats (Lair:2)
  An ogre zombie (Crypt:1)
  A tengu zombie (Crypt:1)
  20 mummies
  Robin (D:2)
  A howler monkey zombie (Crypt:1)
  14 adders
  16 gnolls
  2 shadow imps
  A white imp (D:6)
  2 ufetubi
  An adder skeleton (Crypt:1)
  A worm (D:3)
  123 orcs
  10 ball pythons
  13 bats
  A bat skeleton (Crypt:2)
  6 endoplasms
  3 giant cockroaches
  16 goblins
  10 hobgoblins
  A jackal (shapeshifter) (Vaults:5)
  10 jackals
  3 quokkas
  4 frilled lizards
  15 kobolds
  3 rats
  6 briar patches (Swamp:3)
2120 creatures vanquished.

Vanquished Creatures (collateral kills)
  2 wights (D:8)
  A dart slug (D:1)
3 creatures vanquished.

Vanquished Creatures (others)
  2 sphinxes (Tomb:1)
  A mummy priest (Tomb:1)
  A hell knight (Vaults:5)
  A wizard (Vaults:2)
  3 deep elf zephyrmancers
  4 deep elf pyromancers
  A guardian serpent (shapeshifter) (Vaults:5)
  2 dream sheep (Lair:5)
  2 blink frogs (Lair:5)
  18 foxfires
  24 fungi
  81 plants
  2 withered plants (D:15)
142 creatures vanquished.

Grand Total: 2265 creatures vanquished

Notes
Turn   | Place    | Note
-------+----------+-------------------------------------------
     0 | D:1      | Potemkin the Formicid Fighter began the quest for the Orb.
     0 | D:1      | Reached XP level 1. HP: 18/18 MP: 1/1
    71 | D:1      | Reached XP level 2. HP: 24/24 MP: 2/2
   239 | D:1      | Reached XP level 3. HP: 28/29 MP: 3/3
   587 | D:2      | Noticed Jessica
   594 | D:2      | Reached XP level 4. HP: 26/37 MP: 2/4
   601 | D:2      | Killed Jessica
   602 | D:2      | Reached skill level 1 in Spellcasting
  1047 | D:3      | Noticed an ogre
  1106 | D:3      | Found a basalt altar of Yredelemnul.
  1162 | D:3      | Reached XP level 5. HP: 21/42 MP: 2/6
  1356 | D:3      | Found an opulent altar of Gozag.
  1357 | D:3      | Found a sparkling altar of Nemelex Xobeh.
  1358 | D:3      | Found a glowing silver altar of Zin.
  1358 | D:3      | Found a radiant altar of Vehumet.
  1361 | D:3      | Found a blossoming altar of Fedhas.
  1362 | D:3      | Found an ornate altar of the Wu Jian Council.
  1366 | D:3      | Became a worshipper of Gozag Ym Sagoz the Greedy
  1380 | D:3      | Noticed Terence
  1393 | D:3      | Killed Terence
  1570 | D:3      | Killed an ogre
  1571 | D:3      | Reached skill level 5 in Shields
  1571 | D:3      | Reached XP level 6. HP: 32/49 MP: 4/8
  1908 | D:3      | Found a snail-covered altar of Cheibriados.
  2009 | D:2      | Noticed Robin
  2030 | D:2      | Killed Robin
  2479 | D:4      | Reached XP level 7. HP: 47/52 MP: 8/10
  2666 | D:4      | Identified the +8 hammer "Butux" {vorpal, Drain rCorr
                  | Str+2}
  2668 | D:4      | Found a runed translucent door.
  2669 | D:4      | Noticed Crazy Yiuf
  3089 | D:4      | Reached skill level 5 in Fighting
  3089 | D:4      | Reached skill level 5 in Armour
  3089 | D:4      | Reached skill level 6 in Shields
  3449 | D:4      | Reached XP level 8. HP: 12/62 MP: 2/12
  3891 | D:4      | Killed Crazy Yiuf
  3977 | D:5      | Entered Level 5 of the Dungeon
  4003 | D:5      | Noticed Pikel
  4043 | D:5      | Killed Pikel
  4044 | D:5      | Reached skill level 7 in Shields
  4360 | D:5      | Reached skill level 5 in Axes
  4360 | D:5      | Reached XP level 9. HP: 40/69 MP: 12/15
  4365 | D:5      | Found a staircase to the Ecumenical Temple.
  4486 | D:5      | Noticed Menkaure
  4509 | D:5      | Killed Menkaure
  5167 | D:6      | Reached skill level 8 in Shields
  5185 | D:6      | Reached skill level 5 in Spellcasting
  5808 | D:7      | Noticed a sixfirhy
  5808 | D:7      | Found a runed translucent door.
  5994 | D:7      | Identified the +2 long sword of Ydghux {flame, rPois
                  | Stlth+}
  6004 | D:7      | Reached XP level 10. HP: 64/79 MP: 18/18
  6366 | D:7      | Identified the ring "Caarhu" {rPois Int+4}
  6410 | D:7      | Killed a sixfirhy
  6411 | D:7      | Reached skill level 9 in Shields
  6557 | D:8      | Identified the +5 whip of Infinity {speed, rF+}
  6748 | D:8      | Identified the ring "Yshueha" {rPois rN+ Str+4}
  7047 | D:8      | Reached skill level 10 in Shields
  7070 | D:8      | Noticed a centaur warrior
  7077 | D:8      | Reached XP level 11. HP: 53/87 MP: 10/21
  7082 | D:8      | Killed a centaur warrior
  7297 | D:8      | Identified the +1 sling of Profit {vorpal, rC- Int+2 Dex+4
                  | Stlth+}
  7514 | D:8      | Found a hide-covered altar of Uskayaw.
  7523 | D:8      | Found a shimmering blue altar of Sif Muna.
  7528 | D:8      | Found a stormy altar of Qazlal.
  7786 | D:9      | Found a broken altar of Ashenzari.
  7806 | D:9      | Identified the +1 robe "Xottusup" {rCorr}
  8060 | D:9      | Found an iron altar of Okawaru.
  8197 | D:10     | Entered Level 10 of the Dungeon
  8267 | D:10     | Reached skill level 11 in Shields
  8281 | D:10     | Found a staircase to the Lair.
  8507 | D:10     | Noticed Maurice
  8522 | D:10     | Killed Maurice
  8523 | D:10     | Reached XP level 12. HP: 94/96 MP: 23/23
  8605 | D:10     | Noticed Erica
  8607 | D:10     | Noticed Psyche
  8610 | D:10     | Killed Erica
  8618 | D:10     | Killed Psyche
  8707 | D:10     | Noticed Joseph
  8713 | D:10     | Killed Joseph
  8838 | D:10     | Found a staircase to the Orcish Mines.
  8952 | Orc:1    | Entered Level 1 of the Orcish Mines
  8961 | Orc:1    | Noticed an orc high priest
  8976 | Orc:1    | Killed an orc high priest
  8977 | Orc:1    | Reached skill level 10 in Fighting
  8977 | Orc:1    | Reached skill level 10 in Armour
  8983 | Orc:1    | Reached skill level 12 in Shields
  9099 | Orc:1    | Found a runed translucent door.
  9100 | Orc:1    | Found a shimmering altar of Xom.
  9100 | Orc:1    | Noticed funkygono's ghost (journeyman MiFi)
  9100 | Orc:1    | Noticed a +0 flail of chaos
  9122 | Orc:1    | Found Rosm's Antique Armour Shoppe.
  9168 | Orc:1    | Found Omudott's Antique Weapon Shop.
  9175 | Orc:1    | Found Xuuwnile's Weapon Emporium.
  9312 | Orc:2    | Entered Level 2 of the Orcish Mines
  9522 | Orc:2    | Bought the +4 moon troll leather armour {Spirit, Regen++
                  | MP+5} for 763 gold pieces
  9522 | Orc:2    | Found the +4 moon troll leather armour {Spirit, Regen++
                  | MP+5}
  9581 | Orc:2    | Noticed an orc high priest
  9591 | Orc:2    | Killed an orc high priest
  9594 | Orc:2    | Noticed an orc high priest
  9606 | Orc:2    | Noticed a sun demon
  9614 | Orc:1    | Found Nadem's Book Boutique.
  9745 | Orc:1    | Found Ydudewk's Armour Shoppe.
 10041 | Orc:2    | Killed an orc high priest
 10084 | Orc:2    | Noticed an orc high priest
 10085 | Orc:2    | Noticed an orc high priest
 10085 | Orc:2    | Noticed an orc high priest
 10095 | Orc:2    | Noticed a sixfirhy
 10105 | Orc:2    | Noticed a soul eater
 10217 | Orc:2    | Killed an orc high priest
 10292 | Orc:2    | Killed an orc high priest
 10295 | Orc:2    | Gained mutation: You are partially covered in iridescent
                  | scales. (AC +2) [potion of mutation]
 10295 | Orc:2    | Gained mutation: Your skin changes colour to match your
                  | surroundings (Stealth+). [potion of mutation]
 10295 | Orc:2    | Gained mutation: Your skin blends seamlessly with your
                  | surroundings (Stealth++). [potion of mutation]
 10361 | Orc:2    | Noticed an orc high priest
 10381 | Orc:2    | Killed an orc high priest
 10382 | Orc:2    | Reached XP level 13. HP: 78/104 MP: 20/26
 10417 | Orc:2    | Found Ystoc's Antique Armour Shop.
 10417 | Orc:2    | Found Moteme's Assorted Antiques.
 10729 | Orc:2    | Reached skill level 13 in Shields
 11014 | Orc:2    | Found Umeshrer's Antique Weapon Shop.
 11014 | Orc:2    | Found Lythaxan's Antique Armour Emporium.
 11028 | Orc:2    | Reached skill level 10 in Axes
 11093 | Orc:2    | Bought the +3 pair of gauntlets of War {Slay+5} for 1377
                  | gold pieces
 11093 | Orc:2    | Found the +3 pair of gauntlets of War {Slay+5}
 11098 | Orc:2    | Bought a pair of runed gloves for 217 gold pieces
 11111 | Orc:2    | Bought a scroll labelled SOSAAW GEYTS for 30 gold pieces
 11111 | Orc:2    | Bought a scroll of identify for 60 gold pieces
 11239 | Orc:2    | Found a staircase to the Elven Halls.
 11400 | Elf:1    | Entered Level 1 of the Elven Halls
 11746 | Orc:1    | Killed funkygono's ghost
 11903 | Lair:1   | Entered Level 1 of the Lair of Beasts
 12054 | Lair:1   | Reached skill level 10 in Spellcasting
 12605 | Lair:1   | Noticed a four-headed hydra
 12614 | Lair:1   | Killed a two-headed hydra
 12973 | Lair:2   | Reached skill level 14 in Shields
 13241 | Lair:2   | Reached XP level 14. HP: 114/114 MP: 28/28
 13590 | Lair:2   | Identified 2 scrolls of acquirement
 13706 | Lair:2   | Acquired a manual of Axes
 13708 | Lair:2   | Acquired a manual of Shields
 13741 | Lair:3   | Found a runed translucent gate.
 13741 | Lair:3   | Found a runed translucent gate.
 13741 | Lair:3   | Found a runed translucent gate.
 13748 | Lair:3   | Noticed gabibbone's ghost (journeyman DrFE)
 13752 | Lair:3   | Found a viscous altar of Jiyva.
 13918 | Lair:3   | Found a staircase to the Snake Pit.
 14461 | Lair:4   | Reached skill level 15 in Shields
 14500 | Lair:4   | Found an ornate altar of the Wu Jian Council.
 14642 | Lair:4   | Found a viscous altar of Jiyva.
 14642 | Lair:4   | Found a staircase to the Slime Pits.
 15337 | Lair:5   | Entered Level 5 of the Lair of Beasts
 15634 | Lair:5   | Reached skill level 16 in Shields
 15657 | Lair:5   | Learned a level 2 spell: Wereblood
 15741 | Lair:5   | Reached skill level 1 in Transmutations
 15741 | Lair:5   | Reached XP level 15. HP: 87/122 MP: 23/30
 16408 | Lair:5   | Reached skill level 17 in Shields
 16567 | Lair:5   | Acquired the +8 frozen axe "Frostbite" {freezing cloud,
                  | *Noise Fly rC+}
 16567 | Lair:5   | Found the +8 frozen axe "Frostbite" {freezing cloud, *Noise
                  | Fly rC+}
 16981 | Lair:5   | Bought the ring of the Tortoise {AC+8} for 1920 gold pieces
 16981 | Lair:5   | Found the ring of the Tortoise {AC+8}
 17126 | Snake:1  | Entered Level 1 of the Snake Pit
 17572 | Snake:1  | Noticed Aizul
 17582 | Snake:1  | Killed Aizul
 18015 | Snake:1  | Noticed Frances
 18021 | Snake:1  | Killed Frances
 18022 | Snake:1  | Reached XP level 16. HP: 104/132 MP: 27/32
 18511 | Snake:2  | Reached skill level 5 in Transmutations
 18512 | Snake:2  | Reached skill level 18 in Shields
 18985 | Snake:2  | Noticed Vashnia
 19006 | Snake:2  | Killed Vashnia
 19524 | Snake:3  | Reached skill level 19 in Shields
 19550 | Snake:3  | Reached skill level 15 in Axes
 20027 | Snake:4  | Entered Level 4 of the Snake Pit
 20068 | Snake:4  | Found Atacrid's Overcharged Wands.
 20074 | Snake:4  | Bought a wand of quicksilver (18) for 1134 gold pieces
 20093 | Snake:4  | Reached XP level 17. HP: 131/140 MP: 31/33
 20164 | Snake:4  | Identified the amulet of Ijiek {Spirit rElec Int+3 Slay+3}
 20358 | Snake:4  | Reached skill level 20 in Shields
 21079 | Snake:4  | Reached skill level 15 in Fighting
 21094 | Snake:4  | Reached skill level 15 in Armour
 21309 | Snake:4  | Got a serpentine rune of Zot
 21745 | Snake:4  | Reached XP level 18. HP: 149/149 MP: 35/35
 22268 | Orc:2    | Bought the ring "Vavox Siu" {rN+ rCorr Str-4 Int-3 Slay+6}
                  | for 431 gold pieces
 22385 | Lair:3   | Killed gabibbone's ghost
 22419 | Lair:3   | Got Meopiuj's Spellbook of Transmigration and Earth
 22443 | Lair:3   | Noticed Rupert
 22455 | Lair:3   | Killed Rupert
 23388 | D:11     | Found a glowing golden altar of the Shining One.
 24221 | D:13     | Noticed Snorg
 24240 | D:13     | Killed Snorg
 24341 | D:13     | Noticed Erolcha
 24352 | D:13     | Killed Erolcha
 24923 | D:13     | Found a basalt altar of Yredelemnul.
 25063 | D:13     | Found a gate to the Vaults.
 25131 | Vaults:1 | Entered Level 1 of the Vaults
 25254 | Vaults:1 | Reached skill level 21 in Shields
 25416 | Vaults:1 | Reached skill level 10 in Transmutations
 25458 | Vaults:1 | Reached XP level 19. HP: 128/157 MP: 22/37
 26955 | Vaults:2 | Lost mutation: Your skin blends seamlessly with your
                  | surroundings (Stealth++). [potion of mutation]
 26955 | Vaults:2 | Lost mutation: Your skin changes colour to match your
                  | surroundings (Stealth+). [potion of mutation]
 26955 | Vaults:2 | Gained mutation: You occasionally shout uncontrollably at
                  | your foes. [potion of mutation]
 26955 | Vaults:2 | Gained mutation: You do not regenerate when monsters are
                  | visible. [potion of mutation]
 26955 | Vaults:2 | Gained mutation: You are frail. (-10% HP) [potion of
                  | mutation]
 26956 | Vaults:2 | Lost mutation: You are frail. (-10% HP) [potion of
                  | mutation]
 26956 | Vaults:2 | Lost mutation: You are partially covered in iridescent
                  | scales. (AC +2) [potion of mutation]
 26956 | Vaults:2 | Gained mutation: You occasionally lose the ability to drink
                  | potions when taking damage. [potion of mutation]
 26956 | Vaults:2 | Gained mutation: Your flesh is cold resistant. (rC+)
                  | [potion of mutation]
 26957 | Vaults:2 | Lost mutation: You occasionally shout uncontrollably at
                  | your foes. [potion of mutation]
 26957 | Vaults:2 | Lost mutation: You do not regenerate when monsters are
                  | visible. [potion of mutation]
 26957 | Vaults:2 | Gained mutation: You are dopey. (Int -2) [potion of
                  | mutation]
 26957 | Vaults:2 | Gained mutation: Potions are less effective at restoring
                  | your health. [potion of mutation]
 26958 | Vaults:2 | Lost mutation: Potions are less effective at restoring your
                  | health. [potion of mutation]
 26958 | Vaults:2 | Lost mutation: Your flesh is cold resistant. (rC+) [potion
                  | of mutation]
 26958 | Vaults:2 | Lost mutation: You occasionally lose the ability to drink
                  | potions when taking damage. [potion of mutation]
 26958 | Vaults:2 | Gained mutation: You are weak. (Str -2) [potion of
                  | mutation]
 26958 | Vaults:2 | Gained mutation: Armour fits poorly on your strangely
                  | shaped body. [potion of mutation]
 26958 | Vaults:2 | Gained mutation: You are frail. (-10% HP) [potion of
                  | mutation]
 26959 | Vaults:2 | Lost mutation: You are weak. (Str -2) [potion of mutation]
 26959 | Vaults:2 | Lost mutation: Armour fits poorly on your strangely shaped
                  | body. [potion of mutation]
 26959 | Vaults:2 | Lost mutation: You are frail. (-10% HP) [potion of
                  | mutation]
 26959 | Vaults:2 | Gained mutation: You are resistant to electric shocks.
                  | (rElec) [potion of mutation]
 26959 | Vaults:2 | Gained mutation: You have large cloven feet. [potion of
                  | mutation]
 26959 | Vaults:2 | Gained mutation: You have hidden genetic potential. [potion
                  | of mutation]
 27184 | Vaults:2 | Found a staircase to the Crypt.
 27279 | Vaults:2 | Reached XP level 20. HP: 166/166 MP: 38/38
 27637 | Vaults:2 | Reached skill level 22 in Shields
 27748 | Vaults:2 | Reached skill level 15 in Spellcasting
 29152 | Vaults:3 | Found Harcheut's Weapon Emporium.
 29199 | Vaults:4 | Lost mutation: You are dopey. (Int -2) [hidden potential]
 29355 | Vaults:4 | Reached XP level 21. HP: 175/175 MP: 40/40
 30275 | Vaults:5 | Entered Level 5 of the Vaults
 30290 | Abyss:4  | Cast into level 4 of the Abyss (a deep elf sorcerer)
 30313 | Vaults:5 | Escaped the Abyss
 30315 | Vaults:5 | Reached skill level 23 in Shields
 30327 | Vaults:5 | Identified the amulet of Qutorph {RegenMP rC+ Int+3}
 30351 | Vaults:4 | Gained mutation: You are robust. (+10% HP) [hidden
                  | potential]
 30351 | Vaults:4 | Lost mutation: You have hidden genetic potential. [hidden
                  | potential expressed]
 30743 | Vaults:5 | Reached XP level 22. HP: 151/202 MP: 34/42
 30802 | Vaults:5 | HP: 8/197 [tengu reaver/+1 great mace of protection (14)]
 31201 | Vaults:5 | Got a silver rune of Zot
 31210 | Vaults:5 | Noticed a golden dragon
 31223 | Vaults:5 | Killed a golden dragon
 31341 | Vaults:5 | Identified the amulet "Zeotroun" {Faith Drain MP+9 Dex+2}
 31343 | Vaults:5 | Identified the +1 robe "Doisups" {rCorr MP+9}
 31374 | Vaults:5 | Identified the +10 dire flail "Inyetrumm" {flame, Str+6
                  | Int+4}
 31526 | Vaults:5 | Identified the +7 long sword "Dekev" {vorpal, rElec Int+7}
 31799 | Vaults:5 | Got the Octavo of Bolts
 31944 | Vaults:5 | Identified the +0 ring mail of New Discoveries {rElec
                  | Str+2}
 32161 | D:13     | Acquired a +3 antimagic executioner's axe
 32163 | D:13     | Acquired the ring of Urisk {rElec rF+ Int+8 Dex+6 Stlth-}
 32166 | D:13     | Acquired the +3 pair of mountain boots {steadfast, rC+}
 32166 | D:13     | Found the +3 pair of mountain boots {steadfast, rC+}
 32459 | Elf:1    | Got Jidyf's Atlas of Command
 33531 | Elf:2    | Found a runed translucent gate.
 33541 | Elf:2    | Found a runed translucent gate.
 33541 | Elf:2    | Found a runed translucent gate.
 33631 | Elf:2    | Reached XP level 23. HP: 211/211 MP: 43/43
 34004 | Elf:2    | Reached skill level 24 in Shields
 34320 | Elf:3    | Entered Level 3 of the Elven Halls
 34420 | Elf:3    | Identified the +8 whip of Ugoquiry {pain, rF- rC+ Str+3}
 34550 | Elf:3    | Identified the +1 leather armour "Vofoivai" {rC+ Will+
                  | rCorr Int+2}
 34558 | Elf:3    | Identified the ring "Viat" {*Slow rPois rF+ Will+++ SInv}
 34604 | Elf:3    | Identified the ring of Ippevi Veero {Fire rPois rCorr Str+4
                  | Dex-4}
 34639 | Elf:3    | Identified the +1 cloak of Omission {Fly Regen+ Slay+6}
 34696 | Elf:3    | Identified the +9 spear of Painful Death {antimagic,
                  | Fragile rF+ rC+ Str+6}
 34884 | Elf:3    | Identified the +0 robe "Xaisohiu" {rN+++ Str+2 Int-2
                  | Archmagi}
 35585 | Slime:1  | Entered Level 1 of the Pits of Slime
 35588 | Slime:1  | Gained mutation: You are weak. (Str -2) [a shining eye]
 36206 | Slime:2  | Noticed Dissolution
 36220 | Slime:2  | Killed Dissolution
 36221 | Slime:2  | Reached skill level 15 in Transmutations
 37414 | Slime:4  | Reached XP level 24. HP: 208/221 MP: 44/44
 37766 | Slime:5  | Entered Level 5 of the Pits of Slime
 37943 | Slime:5  | Found a viscous altar of Jiyva.
 37982 | Slime:5  | Noticed the Royal Jelly
 38005 | Slime:5  | Killed the Royal Jelly
 38071 | Slime:5  | Got a slimy rune of Zot
 38073 | Slime:5  | Got Paqiosuj's Catalogue of Shaping and Ensorcelling
 38116 | Slime:5  | Identified the ring "Xonaph" {rPois rC- rCorr Str+6 Dex+4}
 38143 | Slime:5  | Got the Excursus on Solid Ignition
 38151 | Slime:5  | Got Sif Muna's Incunabulum of the Inconstant Compass
 38159 | Slime:5  | Identified the +0 ring mail of the Breadfruit {rPois rC-
                  | Regen+ Int-5}
 38172 | Slime:5  | Got the Encyclopedia of the Lethal Winter
 38194 | Slime:5  | Identified the +10 quarterstaff of Immorality {venom, rC+
                  | Str+4}
 39179 | Lair:3   | Found a staircase to the Swamp.
 39207 | Swamp:1  | Entered Level 1 of the Swamp
 39400 | Swamp:1  | Identified the +0 chain mail of Tobid {rF+}
 39813 | Swamp:2  | Noticed Mlioglotl
 39819 | Swamp:2  | Killed Mlioglotl
 39820 | Swamp:2  | Reached skill level 25 in Shields
 40131 | Swamp:3  | Noticed Donald
 40147 | Swamp:3  | Killed Donald
 40403 | Swamp:4  | Entered Level 4 of the Swamp
 40552 | Swamp:4  | Noticed Mara
 40557 | Swamp:4  | Noticed Potemkin's illusion
 40563 | Swamp:4  | Noticed Potemkin's illusion
 40592 | Swamp:4  | Killed Mara
 41074 | Swamp:4  | Reached XP level 25. HP: 204/222 MP: 45/45
 41164 | Swamp:4  | Got a decaying rune of Zot
 41516 | D:14     | Noticed Azrael
 41525 | D:14     | Killed Azrael
 41576 | D:14     | Acquired 562 gold pieces
 41712 | D:14     | Found a corrupted altar of Lugonu.
 41984 | D:15     | Entered Level 15 of the Dungeon
 41992 | D:15     | Noticed Nessos
 41996 | D:15     | Killed Nessos
 42265 | D:15     | Found a staircase to the Depths.
 42273 | D:15     | Noticed Josephine
 42283 | D:15     | Killed Josephine
 42828 | D:15     | Bought a bronze plate armour for 1092 gold pieces
 42828 | D:15     | Identified the +8 plate armour "Boag" {+Blink rF- Dex+4}
                  | (You bought it in a shop on level 15 of the Dungeon)
 42988 | Crypt:1  | Entered Level 1 of the Crypt
 43121 | Crypt:1  | Noticed a royal mummy
 43123 | Crypt:1  | Noticed Khufu
 43123 | Crypt:1  | Noticed a royal mummy
 43138 | Crypt:1  | Killed a royal mummy
 43145 | Crypt:1  | Killed Khufu
 43146 | Crypt:1  | Killed a royal mummy
 43527 | Crypt:1  | Noticed Mennas
 43553 | Crypt:1  | Killed Mennas
 44308 | Crypt:2  | Identified the amulet "Alacsipu" {Acrobat Rampage Slay+6}
 44718 | Crypt:2  | Found a large runed translucent door.
 44718 | Crypt:2  | Found a large runed translucent door.
 44718 | Crypt:2  | Noticed Datograv's ghost (adept NaAE)
 44780 | Crypt:2  | Killed Datograv's ghost
 44792 | Crypt:2  | Identified the +8 flail "Utrofesu" {vorpal, Dex+7}
 44881 | Crypt:3  | Entered Level 3 of the Crypt
 45048 | Crypt:3  | Reached XP level 26. HP: 197/229 MP: 13/45
 45308 | Crypt:3  | Found a staircase to the Tomb.
 45387 | Crypt:3  | Reached skill level 26 in Shields
 45422 | Crypt:3  | Noticed Saint Roka
 45449 | Crypt:3  | Killed Saint Roka
 45702 | Crypt:3  | Found an ancient bone altar of Kikubaaqudgha.
 45978 | Crypt:3  | Found a basalt altar of Yredelemnul.
 45979 | Crypt:3  | Noticed a curse toe
 45982 | Crypt:3  | Noticed a curse toe
 45987 | Crypt:3  | Found an ancient bone altar of Kikubaaqudgha.
 45996 | Crypt:3  | Killed a curse toe
 46001 | Crypt:3  | Killed a curse toe
 46044 | Crypt:3  | Upgraded the game from 0.30-a0-304-gdc4b735fe1 to
                  | 0.30-a0-305-g026cb31310
 46097 | Crypt:3  | Identified the +2 robe "Heolerghana" {+Blink Regen+ Slay-5
                  | Stlth+}
 46099 | Crypt:3  | Identified the +7 scimitar of the Bruised Villages {freeze,
                  | rElec rC+ Stlth+}
 46686 | Depths:1 | Entered Level 1 of the Depths
 46721 | Depths:1 | Noticed the Enchantress
 46742 | Depths:1 | Killed the Enchantress
 47154 | Tomb:1   | Entered Level 1 of the Tomb of the Ancients
 47488 | Tomb:1   | Reached XP level 27. HP: 250/250 MP: 16/46
 47529 | Tomb:1   | Noticed a royal mummy
 47531 | Tomb:1   | Noticed a royal mummy
 47595 | Tomb:1   | Killed a royal mummy
 47605 | Tomb:1   | Killed a royal mummy
 47707 | Tomb:1   | Gained mutation: You are very robust. (+20% HP) [mutagenic
                  | glow]
 47717 | Tomb:1   | Lost mutation: You are very robust. (+20% HP) [mutagenic
                  | glow]
 48843 | Tomb:1   | Learned a level 7 spell: Dragon Form
 48846 | Tomb:1   | Learned a level 2 spell: Passwall
 49973 | Tomb:2   | Noticed a royal mummy
 49974 | Tomb:2   | Noticed a royal mummy
 49977 | Tomb:2   | Noticed a royal mummy
 49979 | Tomb:2   | Noticed a royal mummy
 49992 | Tomb:2   | HP: 11/251 [royal mummy/divine providence (8)]
 49993 | Tomb:2   | Slain by a mummy priest

Illustrated notes

Levels and vault maps discovered:
D:1:      eino_arrival_water_cross, layout_loops_ring,
          minmay_misc_feat_nine_boxes
D:2:      layout_rooms, kennysheep_generic_room_3, uniq_jessica, uniq_robin
D:3:      layout_basic, chei_slow_surprise, grunt_temple_overflow_open,
          amcnicky_altar_gilded, uniq_terence
D:4:      layout_loops_cross, kennysheep_generic_room_6, uniq_crazy_yiuf_cottage
D:5:      layout_basic, minmay_temple_entry_sparse_star, uniq_menkaure,
          uniq_pikel
D:6:      layout_cave_pools, grunt_decor_mini_mirrors,
          chequers_serial_rivers_large_b
D:7:      cheibrodos_shockbox, layout_rooms
D:8:      kennysheep_blocky_room, layout_cave_pools,
          minmay_overflow_temple_star_quad, serial_glass, glass_columns_a,
          glass_columns_b, enter_bailey_3
D:9:      layout_roguey, okawaru_metal_pillars_3, cheibrodos_ashenzari_chains,
          st_stairs_1
D:10:     layout_rooms, hellmonk_lair_entry_icy, hiddenorc1_lemuel,
          kennysheep_decorative_pillar, uniq_erica, uniq_maurice, uniq_psyche,
          uniq_joseph
D:11:     layout_loops_corners, tso_altar
D:12:     layout_rooms, serial_glass, glass_columns_c, glass_columns_a,
          st_stairs_6, nicolae_figureground_sparkle
D:13:     layout_rooms, david_vaults_2, yredelemnul_altar_generic, uniq_erolcha,
          uniq_snorg
D:14:     layout_cave_pools, tgw_lugonu_bribe, uniq_azrael
D:15:     gammafunk_depths_entry_grave, layout_cave_pods, uniq_josephine,
          uniq_nessos
Lair:1:   layout_gridlike, serial_bayou, serial_bayou_pond_e,
          serial_bayou_pond_b, serial_bayou_ford_a, serial_bayou_pond_e,
          portal_ice_cave_rime, chequers_serial_rivers_micro_b
Lair:2:   layout_roguey
Lair:3:   layout_gridlike, nicolae_swamp_entry_splash_gauntlet,
          minmay_snake_entry_guardpost_medium, gammafunk_ghost_ooze, uniq_rupert
Lair:4:   layout_regular_city, dpeg_slime_entry_enclosed, basic_altar,
          serial_bayou_shore_a
Lair:5:   hangedman_lair_tendril_chambers, layout_regular_city,
          guppyfry_lair_end_dragon, minmay_lair_oklob_items,
          infiniplex_staircase_pool
Swamp:1:  layout_falls_marsh, evilmike_swamp_ruin_house_3
Swamp:2:  layout_basic_swamp, evilmike_swamp_ruin_house_5, uniq_mlioglotl
Swamp:3:  layout_basic_swamp, serial_swamp_ruin, hangedman_swamp_ruin_wall,
          evilmike_swamp_ruin_rubble_2, swamp_pool4, uniq_donald
Swamp:4:  swamp_vile, layout_basic_swamp, nicolae_swamp_fairy_circle, uniq_mara
Snake:1:  layout_chambers, nicolae_snake_gridmaze_spiral, uniq_aizul,
          uniq_frances
Snake:2:  layout_gridlike, hangedman_snake_pattern, uniq_vashnia
Snake:3:  layout_rooms, hangedman_snake_corridor_split
Snake:4:  snake_pit_salamanders_mu, layout_basic, nicolae_shop_overcharged_wands
Slime:1:  layout_caves
Slime:2:  cheibrodos_slime_lost_civilization_3, layout_caves, uniq_dissolution
Slime:3:  layout_caves
Slime:4:  layout_caves
Slime:5
Orc:1:    layout_caves, ebering_ghost_xom, serial_shops, nicolae_shop_crystal,
          nicolae_shop_temple_entry_statues_fountains, shop, shop,
          nicolae_square_shop
Orc:2:    st_orc_town, layout_caves, roderic_batcave
Elf:1:    layout_geoelf_grid, minmay_elf_demonology, grunt_megastairs_2
Elf:2:    elven_hall_of_blades_hangedman_original [nicolae_blade_tridents],
          layout_geoelf_octagon
Elf:3:    grunt_elf_hall_spiral, layout_geoelf_grid
Vaults:1: v_misc_18, nicolae_vaults_network_periphery, v_misc_28,
          grunt_vaults_trifunnel, nicolae_vaults_diagonal_hallway_9,
          hangedman_vaults_nodes, serial_ice_b, v_misc_23, vaults_room_corners,
          vaults_room_pools, ontoclasm_vaults_shuriken, layout_vaults_big_room
Vaults:2: minmay_crypt_entry_simple_corners, nicolae_vaults_an_arrangement,
          ontoclasm_vaults_fault, nicolae_vaults_shelves_hall,
          nicolae_vaults_big_ls, ontoclasm_vaults_spin, v_rooms_2,
          nicolae_vaults_alarming, layout_vaults_omnibox
Vaults:3: v_pattern_1, nicolae_vaults_network_s, hangedman_vaults_locks,
          vaults_dpeg_encased_lava, hangedman_vaults_corner_blocks,
          nicolae_vaults_specimen_jars, nicolae_vaults_ninety_degrees,
          ontoclasm_vaults_twist, layout_vaults_quadrants, serial_shops,
          nicolae_shop_bloodbath_and_beyond
Vaults:4: nicolae_vaults_angled_halls, vaults_dpeg_spiral, v_misc_14, v_misc_8,
          v_alt_pattern_4, nicolae_vaults_what_the_h,
          nicolae_vaults_circle_grid_b, hangedman_vaults_stream,
          vaults_room_ringed_pool, grunt_vaults_funnel, nicolae_vaults_octagons,
          dpeg_vaults_monster_box, vaults_room_corners, vaults_room_boxed,
          layout_vaults_maze
Vaults:5
Crypt:1:  layout_gridlike, lemuel_upstairs_altar, uniq_khufu, uniq_mennas
Crypt:2:  layout_misc_corridors, ebering_ghost_disaster_area
Crypt:3:  lightli_unholy_cathedral, layout_chaotic_city,
          tomb_entry_simple_bobbens, lemuel_mausoleum_altar_kikubaaqudgha,
          uniq_saint_roka, uniq_josephina
Tomb:1
Tomb:2
Depths:1: layout_basic, hangedman_tar_grid_catacomb,
          nicolae_kite_square_tiling_tiny, nicolae_take_the_stairs,
          minmay_st_funbox, corexii_corridor_pit, zin_angel, uniq_enchantress

Skill      XL: |  1  2  3  4  5  6  7  8  9 10 11 12 13 14 15 16 17 18 19 20 21 22 23 24 25 26 |
---------------+-------------------------------------------------------------------------------+-----
Spellcasting   | 1 2 3 4 5 6 7 9 10 11 12 13 14 15 16 17 18 19 | 19.4
Armour         | 4 5 6 7 8 9 10 11 12 13 14 15 16 17 18 19 20 21 | 21.4
Fighting       | 4 5 6 7 8 9 10 11 12 13 14 15 16 17 18 19 20 21 | 21.4
Axes           | 3 4 5 6 7 8 9 10 12 13 15 16 17 18 19 20 21 | 21.6
Shields        | 5 6 7 8 10 11 12 14 16 17 19 20 21 22 23 24 25 26 | 26.6
Transmutations | 1 4 7 8 10 11 12 13 14 15 16 17 | 17.9
Dodging        | |  0.2
Conjurations   | |  0.1
Earth Magic    | |  0.2

Action                   |  1- 3 |  4- 6 |  7- 9 | 10-12 | 13-15 | 16-18 | 19-21 | 22-24 | 25-27 || total
-------------------------+-------+-------+-------+-------+-------+-------+-------+-------+-------++-------
Melee: War axe           |    51 |   157 |   229 |   274 |   145 |       |       |     4 |       ||   860
       Battleaxe         |       |       |       |    89 |   538 |       |       |       |       ||   627
       Executioner's axe |       |       |       |       |   110 |   571 |   628 |   919 |   991 ||  3219
       Kick              |       |       |       |       |       |       |    11 |     4 |       ||    15
 Cast: Wereblood         |       |       |       |       |       |       |     6 |       |     1 ||     7
Invok: Call Merchant     |       |       |       |     2 |     1 |       |       |       |     3 ||     6
       Potion Petition   |       |       |       |       |       |       |    15 |     7 |    12 ||    34
 Abil: Dig               |       |     5 |     8 |     4 |     8 |       |     4 |       |     2 ||    31
Evoke: Wand              |       |       |       |     3 |       |     1 |       |       |     2 ||     6
       Box of beasts     |       |       |       |       |       |       |       |       |     1 ||     1
       Condenser vane    |       |       |       |       |       |       |       |       |     1 ||     1
  Use: Scroll            |     2 |       |     9 |    14 |    13 |     4 |     4 |    11 |     9 ||    66
       Potion            |     1 |       |     5 |     3 |     2 |     4 |     6 |     7 |     8 ||    36
 Stab: Distracted        |       |       |     2 |    11 |     9 |    11 |    11 |    12 |     9 ||    65
       Sleeping          |       |       |       |       |     8 |     9 |     4 |       |       ||    21
       Invisible         |       |       |       |       |       |     2 |     5 |     4 |    19 ||    30
Armor: Scale mail        |    45 |    55 |    74 |    25 |       |       |       |       |       ||   199
       Troll leather arm |       |       |       |    25 |   179 |   156 |   230 |   333 |   259 ||  1182
Dodge: Dodged            |    31 |    97 |    63 |   110 |   202 |   117 |   132 |   164 |   180 ||  1096
       Repelled          |       |       |       |     2 |     7 |    10 |       |    15 |       ||    34
Block: Buckler           |    19 |    66 |    18 |       |       |       |       |       |       ||   103
       Tower shield      |       |       |   166 |   418 |   956 |   867 |   904 |  1263 |  1450 ||  6024
       Reflection        |       |       |     3 |    15 |    25 |   122 |    39 |    73 |    17 ||   294
       Other             |       |       |       |       |     1 |       |       |       |       ||     1

Table legend: (Time is in decaauts)
 A = Elapsed time spent in this place.
 B = Non-inter-level travel time spent in this place.
 C = Inter-level travel time spent in this place.
 D = Time resting spent in this place.
 E = Time spent auto-exploring this place.
 F = Levels seen in this place.
 G = Mean time per level.
                   A        B        C        D        E       F      G
               +--------+--------+--------+--------+--------+-----+--------+
         Total |  50557 |  45653 |   4904 |    408 |  27891 |  50 | 1011.1 |
       Dungeon |  13440 |  12268 |   1172 |    225 |   8958 |  15 |  896.0 |
          Lair |   6246 |   5671 |    575 |     16 |   3495 |   5 | 1249.2 |
         Swamp |   2138 |   2053 |     85 |      0 |   1257 |   4 |  534.5 |
     Snake Pit |   5182 |   4741 |    441 |      0 |   3126 |   4 | 1295.5 |
    Slime Pits |   3408 |   3349 |     59 |     38 |   2158 |   5 |  681.6 |
  Orcish Mines |   3444 |   2846 |    598 |     23 |   1220 |   2 | 1722.0 |
   Elven Halls |   3231 |   2929 |    302 |      0 |   1664 |   3 | 1077.0 |
        Vaults |   7437 |   6469 |    968 |     76 |   4072 |   5 | 1487.4 |
         Crypt |   3776 |   3251 |    525 |     30 |   1700 |   3 | 1258.7 |
          Tomb |   2029 |   1852 |    177 |      0 |    240 |   2 | 1014.5 |
        Depths |    197 |    197 |      0 |      0 |      0 |   1 |  197.0 |
         Abyss |     22 |     22 |      0 |      0 |      0 |   1 |   22.0 |
               +--------+--------+--------+--------+--------+-----+--------+

Top non-repeatable levels by time:
   Orc:2: 2428 daAuts
  Tomb:1: 2007 daAuts
 Snake:4: 1989 daAuts
  Lair:5: 1800 daAuts
Vaults:1: 1717 daAuts
Vaults:4: 1694 daAuts
Vaults:2: 1614 daAuts
 Crypt:3: 1613 daAuts
 Snake:1: 1575 daAuts
     D:4: 1448 daAuts
Vaults:3: 1239 daAuts
  Lair:3: 1226 daAuts
     D:5: 1208 daAuts
    D:10: 1181 daAuts
Vaults:5: 1172 daAuts
